 Dungeon Sprint DCSS version 0.29-a0-284-gf9362112df (webtiles) character file.

Game seed: 718524772044583953

1218 mhtbhm the Cleaver (level 8, -1/53 (66) HPs)
             Began as an Octopode Berserker on Apr 1, 2022.
             Was an Elder of Trog.
             Succumbed to Sonja's curare-tipped dart
             ... in the Dungeon (Sprint I: "Red Sonja").
             The game lasted 00:01:04 (648 turns).

mhtbhm the Cleaver (Octopode Berserker)              Turns: 648, Time: 00:01:04

HP:   -1/53 (66)    AC:  1    Str: 18    XL:     8   Next: 46%
MP:   8/8           EV: 17    Int:  9    God:    Trog [****..]
Gold: 413           SH:  0    Dex: 12    Spells: 7/7 levels left

rFire   . . .      SeeInvis .   a - +0 hand axe
rCold   . . .      Faith    .   (no shield)
rNeg    . . .      Spirit   .   (helmet restricted)
rPois   .          Reflect  .   (no amulet)
rElec   .          Harm     .   (no ring)
rCorr   .          Rampage  .   (no ring)
Will    .....      NoTele   +   (no ring)
Stlth   +++.......              (no ring)
HPRegen 0.17/turn               (no ring)
MPRegen 0.11/turn               (no ring)
                                (no ring)
                                (no ring)

@: lethally poisoned (-1 -> -4), slowed, heavily drained, very slow
A: almost no armour, amphibious, 8 rings, camouflage 1, gelatinous body 1,
(nimble swimmer 1), tentacles
a: Renounce Religion, Berserk, Trog's Hand, Brothers in Arms


You were in the Dungeon.
You worshipped Trog.
Trog was greatly pleased with you.
You visited 1 branch You collected 413 gold pieces.

Inventory:

Hand Weapons
 a - a +0 hand axe (weapon)
Missiles
 j - 3 poisoned darts (quivered)
Wands
 h - a wand of iceblast (13)
Potions
 b - a potion of curing
 c - a potion of heal wounds
 d - a potion of haste
 e - 2 potions of magic
 f - a potion of berserk rage
 i - a potion of degeneration {unknown}
 k - 2 potions of lignification {unknown}


   Skills:
 + Level 10.7 Fighting
 + Level 11.6 Axes
 + Level 1.0 Throwing
 + Level 10.1 Dodging
 + Level 4.1 Stealth


You had 7 spell levels left.
You didn't know any spells.
Your spell library was empty.

Dungeon Overview and Level Annotations

Branches:
Dungeon (1/1)

Altars:
Cheibriados
Dithmenos
Elyvilon
Fedhas
Gozag
Hepliaklqana
Kikubaaqudgha
Makhleb
Nemelex Xobeh
Okawaru
Qazlal
Ru
Sif Muna
Trog
Uskayaw
Vehumet
Wu Jian
Xom
Yredelemnul
Zin
The Shining One
Jiyva
Lugonu

Shops:
D [

Annotations:
D Sonja


Innate Abilities, Weirdness & Mutations

You cannot wear most types of armour.
You are amphibious.
You can wear up to eight rings at the same time.
Your skin changes colour to match your surroundings (Stealth+).
Your rubbery body absorbs attacks. (AC +1, EV +1)
((You are camouflaged when in or above water. (Stealth+)))
You have tentacles for arms and can constrict up to eight enemies at once.


Message History

You close the door.
You feel very sick.
Sonja throws a curare-tipped dart.
The curare-tipped dart misses you.
You feel sick. Sonja completely misses you.
Sonja hits you with a +1 dagger of draining.
You feel drained.
Sonja hits you with a +1 dagger of draining.
You feel drained.
Sonja shouts, "Hah!
Missed me again!"
Sonja hits you with a +1 dagger of draining.
You feel drained.
Sonja hits you with a +1 dagger of draining.
You feel drained. Sonja completely misses you.
There is a radiant altar of Vehumet, spattered with blood here.
Unknown command.
Press < or > to pray at altars.
As you close the door, it creaks loudly!
You feel sick.
Sonja hits you with a +1 dagger of draining!
You feel drained. Sonja closely misses you.
Sonja hits you with a +1 dagger of draining.
* * * LOW HITPOINT WARNING * * *
You feel drained.
* * * LOW HITPOINT WARNING * * *
Sonja hits you with a +1 dagger of draining.
* * * LOW HITPOINT WARNING * * *
You feel drained.
* * * LOW HITPOINT WARNING * * *
Sonja hits you with a +1 dagger of draining.
* * * LOW HITPOINT WARNING * * *
You feel drained.
* * * LOW HITPOINT WARNING * * *
Sonja hits you with a +1 dagger of draining.
* * * LOW HITPOINT WARNING * * *
You feel drained.
* * * LOW HITPOINT WARNING * * *
Blink to where?
Press: ? - help, Dir - move target, p - Sonja
As you read the scroll of blinking, it crumbles to dust.
You die...

##########################
#<.#..').#..'..#__#..')..#
#..').#..').#..'..'..#...#
#..#####'#####'#__####)..+
#..####..#.@.#.#### #####
#..#__####..##.#
#..#_____##'#_.+
#⌠⌠#_.∩...+.K._#
####_..__##§.#'#
#_____###+#.# #######
#§### $.$ $.$


You could see Sonja.

Vanquished Creatures
  2 kobold demonologists (D)
  A slime creature (D)
  Sigmund (D)
  A yak (D)
  A floating eye (D)
  An ogre (D)
  A jelly (D)
  Ijyb (D)
9 creatures vanquished.

Notes
Turn   | Place    | Note
-------+----------+-------------------------------------------
     0 | D        | mhtbhm the Octopode Berserker began the quest for the Orb.
     0 | D        | Reached XP level 1. HP: 16/16 MP: 1/1
     1 | D        | Noticed Ijyb
     5 | D        | Killed Ijyb
     6 | D        | Reached skill level 4 in Axes
     6 | D        | Reached XP level 2. HP: 23/23 MP: 2/2
     6 | D        | Reached XP level 3. HP: 27/27 MP: 3/3
    41 | D        | Noticed an ogre
    49 | D        | Killed an ogre
    50 | D        | Reached skill level 5 in Fighting
    50 | D        | Reached skill level 6 in Axes
    50 | D        | Reached skill level 5 in Dodging
    50 | D        | Reached XP level 4. HP: 36/36 MP: 4/4
    88 | D        | Noticed Sigmund
    91 | D        | Killed Sigmund
    91 | D        | Reached ** piety under Trog
    92 | D        | Reached skill level 8 in Axes
    92 | D        | Reached XP level 5. HP: 43/43 MP: 5/5
    92 | D        | Reached XP level 6. HP: 49/49 MP: 6/6
   123 | D        | Found an ornate altar of the Wu Jian Council.
   123 | D        | Found a shimmering blue altar of Sif Muna.
   125 | D        | Found a radiant altar of Vehumet.
   273 | D        | Found Sehysy's Armour Emporium.
   273 | D        | Found an ancient bone altar of Kikubaaqudgha.
   273 | D        | Found a hazy altar of Hepliaklqana.
   273 | D        | Found a stormy altar of Qazlal.
   273 | D        | Found a hide-covered altar of Uskayaw.
   273 | D        | Found a blossoming altar of Fedhas.
   273 | D        | Found a bloodstained altar of Trog.
   273 | D        | Found an iron altar of Okawaru.
   273 | D        | Found a basalt altar of Yredelemnul.
   273 | D        | Found a glowing golden altar of the Shining One.
   273 | D        | Found a snail-covered altar of Cheibriados.
   273 | D        | Found a sacrificial altar of Ru.
   273 | D        | Found a glowing silver altar of Zin.
   273 | D        | Found a shadowy altar of Dithmenos.
   273 | D        | Found a white marble altar of Elyvilon.
   273 | D        | Noticed a yak
   280 | D        | Killed a yak
   281 | D        | Reached skill level 9 in Axes
   281 | D        | Reached skill level 1 in Stealth
   281 | D        | Found an opulent altar of Gozag.
   283 | D        | Found a sparkling altar of Nemelex Xobeh.
   383 | D        | Found a burning altar of Makhleb.
   383 | D        | Found a viscous altar of Jiyva.
   383 | D        | Found a shimmering altar of Xom.
   383 | D        | Found a corrupted altar of Lugonu.
   383 | D        | Noticed a slime creature
   392 | D        | Killed a slime creature
   393 | D        | Reached skill level 10 in Axes
   393 | D        | Reached XP level 7. HP: 23/57 MP: 7/7
   575 | D        | Noticed a kobold demonologist
   575 | D        | Noticed a kobold demonologist
   579 | D        | Reached *** piety under Trog
   584 | D        | Killed a kobold demonologist
   585 | D        | Reached skill level 10 in Fighting
   585 | D        | Reached skill level 11 in Axes
   585 | D        | Reached XP level 8. HP: 64/64 MP: 8/8
   590 | D        | Noticed a red devil
   590 | D        | Killed a kobold demonologist
   590 | D        | Reached **** piety under Trog
   591 | D        | Reached skill level 1 in Throwing
   591 | D        | Reached skill level 10 in Dodging
   642 | D        | Noticed Sonja
   647 | D        | HP: 2/55 [Sonja/+1 dagger of draining (3)]
   648 | D        | Succumbed to Sonja's curare-tipped dart

Illustrated notes

Levels and vault maps discovered:
D:        dungeon_sprint_1 [red_sonja_temple_1, red_sonja_temple_small_1]

Skill      XL: |  1  2  3  4  5  6  7  8 |
---------------+-------------------------+-----
Fighting       | 4 5 7 9 10 | 10.7
Axes           | 4 6 8 10 11 | 11.6
Dodging        | 4 5 7 9 10 | 10.1
Stealth        | 2 3 4 |  4.1
Throwing       | 1 |  1.0

Action                   |  1- 3 |  4- 6 |  7- 9 || total
-------------------------+-------+-------+-------++-------
Melee: Hand axe          |     8 |    16 |    12 ||    36
       Tentacles         |     2 |     7 |     3 ||    12
       Constrict         |     1 |     1 |     3 ||     5
       Punch             |       |       |     1 ||     1
Throw: Dart              |       |     2 |       ||     2
Invok: Berserk           |     2 |     2 |     1 ||     5
Evoke: Wand              |       |       |     2 ||     2
  Use: Scroll            |       |       |     1 ||     1
 Stab: Sleeping          |       |     1 |       ||     1
Armor: Skin              |       |     1 |       ||     1
Dodge: Dodged            |     2 |     7 |    13 ||    22

Table legend: (Time is in decaauts)
 A = Elapsed time spent in this place.
 B = Non-inter-level travel time spent in this place.
 C = Inter-level travel time spent in this place.
 D = Time resting spent in this place.
 E = Time spent auto-exploring this place.
 F = Levels seen in this place.
 G = Mean time per level.
                   A        B        C        D        E       F      G
               +--------+--------+--------+--------+--------+-----+--------+
         Total |    679 |    679 |      0 |    502 |      1 |   1 |  679.0 |
       Dungeon |    679 |    679 |      0 |    502 |      1 |   1 |  679.0 |
               +--------+--------+--------+--------+--------+-----+--------+

Top non-repeatable levels by time:
       D: 679 daAuts
